Staline vs Patriotes
(R1)
Created - 27 avril 2015 at 18:59
Goals
|
Staline |
0 |
2 |
3 |
0 |
5 |
Patriotes |
2 |
2 |
1 |
1 |
6 |
|
Shots
|
Staline |
8 |
14 |
13 |
0 |
35 |
Patriotes |
5 |
13 |
6 |
1 |
25 |
|
1st period
1. Patriotes , Fedor Fedorov 4 (Cory Emmerton) at 12:32 (PP)
2. Patriotes , Andreas Nodl 7 (Zenon Konopka, Brett Skinner) at 12:48
Penalties :
Torey Krug (StJ) for Roughing (Minor) at 1:00, Cam Janssen (StJ) for Holding (Minor) at 11:22, Tyler Cuma (StJ) for Holding (Minor) at 16:27
2nd period
3. Patriotes , Tomas Kurka 7 (Andreas Nodl, Zenon Konopka) at 2:07 (PP)
4. Staline , Nick Spaling 7 (Jared Boll, Stu Bickel) at 4:01
5. Staline , Cody Eakin 1 (Michael Del Zotto, Mathieu Perreault) at 13:16
6. Patriotes , Andreas Nodl 8 (Zenon Konopka) at 17:12
Penalties :
Devin Setoguchi (StJ) for Hooking (Minor) at 0:21, Lauri Tukonen (Nyc) for Hooking (Minor) at 4:40, Andrei Loktionov (StJ) for Hooking (Minor) at 10:57, Cory Emmerton (Nyc) for Slashing (Minor) at 14:20
3rd period
7. Staline , Devin Setoguchi 10 (Andrei Loktionov) at 1:35
8. Patriotes , Tomas Kurka 8 (Andreas Nodl) at 12:32 (PP)
9. Staline , T.J. Fast 3 (Peter Mueller, Michael Del Zotto) at 13:30 (PP)
10. Staline , Peter Mueller 7 (Mason Raymond) at 14:46 (PP)
Penalties :
Theo Peckham (StJ) for Roughing (Minor) at 2:45, Andreas Nodl (Nyc) for Holding (Minor) at 6:10, Peter Mueller (StJ) for Holding (Minor) at 11:41, Joe Charlebois (Nyc) for High sticking (Minor) at 12:55, Brett Skinner (Nyc) for Hooking (Minor) at 14:15, Danny Kristo (StJ) for Holding (Minor) at 18:06
Overtime #1
11. Patriotes , Zenon Konopka 5 (Tyler Myers) at 0:06
Penalties :
No Penalty
Goalie Stats
Martin Houle (StJ), 6 saves from 8 shots - (0,750), OTL, 2-1-1, 22:54 minutes
Tobias Stephan (StJ), 13 saves from 17 shots - (0,765), 37:12 minutes
Joey MacDonald (Nyc), 30 saves from 35 shots - (0,857), W, 5-2-1, 60:06 minutes
Players Stats for Staline
Player Name G A P +/- PIM S H SB GA TA FO MP PP MP PK MP
------------------------------------------------------------------------------------
Andrei Loktionov 0 1 1 0 2 2 2 3 2 0 9/23 21:25 3:57 3:41
Cam Janssen 0 0 0 0 2 3 2 1 0 0 1/3 17:27 3:01 3:59
Cody Eakin 1 0 1 1 0 1 1 0 0 0 0/1 7:29 0:00 1:14
Danny Kristo 0 0 0 0 2 0 2 0 0 0 0/0 5:54 0:00 0:00
Devin Setoguchi 1 0 1 -1 2 5 3 0 0 0 7/13 23:15 3:57 6:13
James Sheppard 0 0 0 1 0 0 2 0 0 0 1/2 9:14 0:00 3:19
Jared Boll 0 1 1 0 0 4 2 1 1 0 0/0 9:56 0:05 0:00
Mason Raymond 0 1 1 0 0 0 4 0 0 0 0/0 14:48 3:06 1:41
Mathieu Perreault 0 1 1 0 0 2 1 0 0 0 1/6 9:35 0:00 0:00
Michael Del Zotto 0 2 2 0 0 3 1 1 1 0 0/0 13:00 4:33 0:00
Nick Spaling 1 0 1 0 0 2 2 0 0 0 0/0 9:55 0:00 0:00
Peter Mueller 1 1 2 0 2 2 4 0 0 0 1/6 13:05 3:06 0:00
Pierre-Luc Létourneau 0 0 0 -1 0 2 3 1 0 0 1/3 24:20 3:57 7:17
Stu Bickel 0 1 1 -1 0 1 2 2 1 1 0/0 25:13 0:00 7:30
T.J. Fast 1 0 1 -1 0 5 1 4 0 0 0/0 30:18 4:33 7:30
Theo Peckham 0 0 0 1 2 1 0 1 0 0 0/0 21:03 2:30 4:57
Torey Krug 0 0 0 0 2 1 2 0 0 0 0/0 9:45 0:00 1:59
Tyler Cuma 0 0 0 1 2 1 1 1 0 1 0/0 20:58 2:30 5:28
Players Stats for Patriotes
Player Name G A P +/- PIM S H SB GA TA FO MP PP MP PK MP
------------------------------------------------------------------------------------
Andreas Nodl 2 2 4 2 2 6 2 2 2 0 1/1 23:21 7:21 3:08
Brett Skinner 0 1 1 0 2 1 1 1 0 0 0/0 29:55 8:08 4:01
Christian Hanson 0 0 0 -1 0 1 2 1 0 0 4/5 12:02 0:27 0:48
Cory Emmerton 0 1 1 0 2 2 2 0 0 1 9/9 19:00 6:05 0:33
Dwight King 0 0 0 -1 0 1 2 0 0 0 0/0 10:13 0:11 0:00
Fedor Fedorov 1 0 1 0 0 1 0 0 0 0 1/1 20:23 6:10 1:29
Jared Staal 0 0 0 -1 0 0 0 0 0 0 0/0 9:08 0:00 0:00
Joe Charlebois 0 0 0 1 2 1 1 0 0 1 0/0 20:59 5:34 3:02
Lauri Tukonen 0 0 0 -1 2 1 2 1 0 0 1/1 18:13 6:10 0:00
Liam Reddox 0 0 0 -1 0 0 0 0 0 0 0/0 5:47 0:00 0:36
Mathieu Brodeur 0 0 0 0 0 0 0 0 0 0 0/0 2:05 0:00 0:00
Nigel Williams 0 0 0 -1 0 0 0 0 0 0 0/0 9:10 0:00 0:00
Patrice Cormier 0 0 0 -1 0 0 0 0 0 0 0/0 7:46 0:00 2:09
Ryan Wilson 0 0 0 1 0 2 1 2 0 0 0/0 20:44 5:34 3:02
Timothy Kunes 0 0 0 -1 0 0 1 0 0 0 0/0 9:10 0:00 0:00
Tomas Kurka 2 0 2 2 0 4 2 0 0 1 1/7 26:12 7:26 4:04
Tyler Myers 0 1 1 0 0 0 2 2 0 1 0/0 28:07 8:08 4:01
Zenon Konopka 1 3 4 2 0 5 0 2 0 1 19/33 21:07 7:16 1:19
3 Stars
1 - Andreas Nodl (Nyc)
2 - Zenon Konopka (Nyc)
3 - Tomas Kurka (Nyc)
Power Play
Staline - 2 on 5 Attempt(s) - 40,00%
Patriotes - 3 on 8 Attempt(s) - 37,50%
Penalty Kill
Staline - 5 on 8 Attempt(s) - 62,50%
- Score 0 goal in Penalty Kill
Patriotes - 3 on 5 Attempt(s) - 60,00%
- Score 0 goal in Penalty Kill
Team Stat
Staline - Hits : 35 - Faceoff Wins : 21 - Blocked Shots : 15 - Penalty Minutes : 16
Patriotes - Hits : 18 - Faceoff Wins : 36 - Blocked Shots : 11 - Penalty Minutes : 10
Official
Referees : McCauley Wes and McCreary Bill
Linesman : David Brisebois and Scott Driscoll
Game Notes
Martin Houle enters game at 17:12 of 2nd period
Finance
Level 1 -- Attendance: 2000 (100,00%) -- Ticket Income 70 000 $
Level 2 -- Attendance: 980 (98,00%) -- Ticket Income 14 700 $
Total Attendance: 2980 (99,33%)
Total Ticket Income: 84 700 $
Other Income: 4 235 $
Total Income: 88 935 $
Staline
5 vs 5 Forward
Center Left Wing Right Wing Time % Phy DF OF
1 Andrei Loktionov Pierre-Luc Létourneau Devin Setoguchi 40 1 2 2
2 Peter Mueller Mason Raymond Cam Janssen 30 1 2 2
3 Mathieu Perreault Nick Spaling Jared Boll 20 1 2 2
4 Cody Eakin James Sheppard Danny Kristo 10 1 2 2
5 vs 5 Defense
Defense Defense Time % Phy DF OF
1 T.J. Fast Stu Bickel 40 1 2 2
2 Theo Peckham Tyler Cuma 30 1 2 2
3 Michael Del Zotto Torey Krug 20 1 2 2
4 T.J. Fast Stu Bickel 10 1 2 2
PowerPlay Forward
Center Left Wing Right Wing Time % Phy DF OF
1 Andrei Loktionov Pierre-Luc Létourneau Devin Setoguchi 60 1 2 2
2 Peter Mueller Mason Raymond Cam Janssen 40 1 2 2
PowerPlay Defense
Defense Defense Time % Phy DF OF
1 T.J. Fast Michael Del Zotto 60 1 2 2
2 Theo Peckham Tyler Cuma 40 1 2 2
Penalty Kill 4 Players Forward
Center Wing Time % Phy DF OF
1 Devin Setoguchi Pierre-Luc Létourneau 60 1 2 2
2 Cam Janssen Andrei Loktionov 40 1 2 2
Penalty Kill 4 Players Defense
Defense Defense Time % Phy DF OF
1 T.J. Fast Stu Bickel 60 1 2 2
2 Theo Peckham Tyler Cuma 40 1 2 2
Penalty Kill - 3 Players Forward
Forward Time % Phy DF OF
1 Devin Setoguchi 60 1 2 2
2 Pierre-Luc Létourneau 40 1 2 2
Penalty Kill - 3 Players Defense
Defense Defense Time % Phy DF OF
1 T.J. Fast Stu Bickel 60 1 2 2
2 Theo Peckham Tyler Cuma 40 1 2 2
4 vs 4 Forward
Center Wing Time % Phy DF OF
1 Devin Setoguchi Pierre-Luc Létourneau 60 1 2 2
2 Cam Janssen Andrei Loktionov 40 1 2 2
4 vs 4 Defense
Defense Defense Time % Phy DF OF
1 T.J. Fast Michael Del Zotto 60 1 2 2
2 Theo Peckham Tyler Cuma 40 1 2 2
Last Minutes Offensive
Center Left Wing Right Wing Defense Defense
Andrei Loktionov Pierre-Luc Létourneau Devin Setoguchi T.J. Fast Stu Bickel
Last Minutes Defensive
Center Left Wing Right Wing Defense Defense
Andrei Loktionov Pierre-Luc Létourneau Devin Setoguchi T.J. Fast Stu Bickel
Goaltenders
Starting : Tobias Stephan
Backup : Martin Houle
Extra Forwards
Normal : Jared Boll, Nick Spaling, James Sheppard - PP : Jared Boll, Nick Spaling - PK : James Sheppard
Extra Defensemen
Normal : Michael Del Zotto, Torey Krug, Theo Peckham - PP : Michael Del Zotto - PK : Torey Krug, Theo Peckham
Penalty Shots
Devin Setoguchi, Pierre-Luc Létourneau, Cam Janssen, Andrei Loktionov, Mason Raymond
Patriotes
5 vs 5 Forward
Center Left Wing Right Wing Time % Phy DF OF
1 Zenon Konopka Tomas Kurka Andreas Nodl 40 1 2 2
2 Cory Emmerton Fedor Fedorov Lauri Tukonen 30 1 2 2
3 Christian Hanson Dwight King Jared Staal 20 1 2 2
4 Patrice Cormier Liam Reddox Tomas Kurka 10 1 2 2
5 vs 5 Defense
Defense Defense Time % Phy DF OF
1 Brett Skinner Tyler Myers 40 1 2 2
2 Ryan Wilson Joe Charlebois 30 1 2 2
3 Timothy Kunes Nigel Williams 20 1 2 2
4 Mathieu Brodeur Brett Skinner 10 1 2 2
PowerPlay Forward
Center Left Wing Right Wing Time % Phy DF OF
1 Zenon Konopka Tomas Kurka Andreas Nodl 60 1 2 2
2 Cory Emmerton Fedor Fedorov Lauri Tukonen 40 1 2 2
PowerPlay Defense
Defense Defense Time % Phy DF OF
1 Brett Skinner Tyler Myers 60 1 2 2
2 Ryan Wilson Joe Charlebois 40 1 2 2
Penalty Kill 4 Players Forward
Center Wing Time % Phy DF OF
1 Tomas Kurka Andreas Nodl 60 1 2 2
2 Zenon Konopka Cory Emmerton 40 1 2 2
Penalty Kill 4 Players Defense
Defense Defense Time % Phy DF OF
1 Brett Skinner Tyler Myers 60 1 2 2
2 Ryan Wilson Joe Charlebois 40 1 2 2
Penalty Kill - 3 Players Forward
Forward Time % Phy DF OF
1 Tomas Kurka 60 1 2 2
2 Andreas Nodl 40 1 2 2
Penalty Kill - 3 Players Defense
Defense Defense Time % Phy DF OF
1 Brett Skinner Tyler Myers 60 1 2 2
2 Ryan Wilson Joe Charlebois 40 1 2 2
4 vs 4 Forward
Center Wing Time % Phy DF OF
1 Tomas Kurka Andreas Nodl 60 1 2 2
2 Zenon Konopka Cory Emmerton 40 1 2 2
4 vs 4 Defense
Defense Defense Time % Phy DF OF
1 Brett Skinner Tyler Myers 60 1 2 2
2 Ryan Wilson Joe Charlebois 40 1 2 2
Last Minutes Offensive
Center Left Wing Right Wing Defense Defense
Zenon Konopka Tomas Kurka Andreas Nodl Brett Skinner Tyler Myers
Last Minutes Defensive
Center Left Wing Right Wing Defense Defense
Zenon Konopka Tomas Kurka Andreas Nodl Brett Skinner Tyler Myers
Goaltenders
Starting : Joey MacDonald
Backup : Marek Schwarz
Extra Forwards
Normal : Christian Hanson, Dwight King, Patrice Cormier - PP : Christian Hanson, Dwight King - PK : Patrice Cormier
Extra Defensemen
Normal : Timothy Kunes, Nigel Williams, Mathieu Brodeur - PP : Timothy Kunes - PK : Nigel Williams, Mathieu Brodeur
Penalty Shots
Tomas Kurka, Andreas Nodl, Zenon Konopka, Cory Emmerton, Fedor Fedorov
% Time on Ice - Staline
Lines # - Real PCT - Wanted PCT - Time Play
Normal Forward
1 - 33% - 40% - 13:07
2 - 27% - 30% - 10:44
3 - 24% - 20% - 9:35
4 - 15% - 10% - 5:55
Normal Defense
1 - 44% - 40% - 17:12
2 - 33% - 30% - 12:58
3 - 21% - 20% - 8:08
4 - 3% - 10% - 1:03
PP Forward
1 - 56% - 60% - 3:57
2 - 44% - 40% - 3:06
PP Defense
1 - 65% - 60% - 4:33
2 - 35% - 40% - 2:30
PK Forward
1 - 68% - 60% - 9:16
2 - 32% - 40% - 4:26
PK Defense
1 - 55% - 60% - 7:30
2 - 45% - 40% - 6:12
PK3 Forward
1 - 0% - 60%
2 - 0% - 40%
PK3 Defense
1 - 0% - 60%
2 - 0% - 40%
44 Forward
1 - 0% - 60%
2 - 0% - 40%
44 Defense
1 - 0% - 60%
2 - 0% - 40%
Last Minute Offensive - 0:00
Last Minute Defensive - 0:00
Total
Forward - 60:06
Defense - 60:06
|
% Time on Ice - Patriotes
Lines # - Real PCT - Wanted PCT - Time Play
Normal Forward
1 - 34% - 40% - 13:26
2 - 30% - 30% - 11:39
3 - 23% - 20% - 9:08
4 - 13% - 10% - 5:08
Normal Defense
1 - 41% - 40% - 15:58
2 - 31% - 30% - 12:08
3 - 23% - 20% - 9:10
4 - 5% - 10% - 2:05
PP Forward
1 - 55% - 60% - 7:32
2 - 45% - 40% - 6:10
PP Defense
1 - 59% - 60% - 8:08
2 - 41% - 40% - 5:34
PK Forward
1 - 81% - 60% - 5:44
2 - 19% - 40% - 1:19
PK Defense
1 - 57% - 60% - 4:01
2 - 43% - 40% - 3:02
PK3 Forward
1 - 0% - 60%
2 - 0% - 40%
PK3 Defense
1 - 0% - 60%
2 - 0% - 40%
44 Forward
1 - 0% - 60%
2 - 0% - 40%
44 Defense
1 - 0% - 60%
2 - 0% - 40%
Last Minute Offensive - 0:00
Last Minute Defensive - 0:00
Total
Forward - 60:06
Defense - 60:06
|
Play by Play
1st period
0:01 of 1st period - Zenon Konopka wins face-off versus Andrei Loktionov in neutral zone.
0:26 of 1st period - T.J. Fast is hit by Christian Hanson and loses puck.
0:45 of 1st period - Snap shot by Andrei Loktionov.
0:45 of 1st period - Deflect By Devin Setoguchi.
0:45 of 1st period - Stopped by Joey MacDonald without a rebound.
0:46 of 1st period - Cory Emmerton wins face-off versus Peter Mueller in Patriotes zone.
0:46 of 1st period - Cory Emmerton is hit by Mason Raymond.
1:00 of 1st period - Minor Penalty to Torey Krug for Roughing.
1:01 of 1st period - Devin Setoguchi wins face-off versus Zenon Konopka in Staline zone.
1:01 of 1st period - Devin Setoguchi is hit by Tomas Kurka.
1:27 of 1st period - Lauri Tukonen is hit by Devin Setoguchi and loses puck.
1:34 of 1st period - Stu Bickel is hit by Ryan Wilson and loses puck.
3:00 of 1st period - Penalty to Torey Krug is over, Torey Krug is back on ice.
4:15 of 1st period - Lauri Tukonen is hit by Danny Kristo and loses puck.
4:26 of 1st period - Brett Skinner is hit by Andrei Loktionov and loses puck.
4:39 of 1st period - Patrice Cormier is hit by Mathieu Perreault and loses puck.
5:04 of 1st period - Ryan Wilson is hit by Cam Janssen and loses puck.
5:31 of 1st period - Fedor Fedorov is hit by Torey Krug and loses puck.
5:58 of 1st period - Brett Skinner is hit by Nick Spaling and loses puck.
7:54 of 1st period - Christian Hanson is hit by Pierre-Luc Létourneau and loses puck.
8:32 of 1st period - T.J. Fast is hit by Andreas Nodl and loses puck.
8:58 of 1st period - Joe Charlebois is hit by T.J. Fast and loses puck.
9:27 of 1st period - Cory Emmerton is hit by James Sheppard and loses puck.
9:47 of 1st period - Cam Janssen is hit by Andreas Nodl and loses puck.
10:28 of 1st period - Timothy Kunes is hit by James Sheppard and loses puck.
11:13 of 1st period - Fedor Fedorov is hit by Peter Mueller and loses puck.
11:18 of 1st period - Snap shot by Peter Mueller.
11:18 of 1st period - Stopped by Joey MacDonald without a rebound.
11:19 of 1st period - Zenon Konopka wins face-off versus Cam Janssen in Patriotes zone.
11:19 of 1st period - Zenon Konopka is hit by Mason Raymond.
11:22 of 1st period - Minor Penalty to Cam Janssen for Holding.
11:23 of 1st period - Devin Setoguchi wins face-off versus Zenon Konopka in Staline zone.
11:59 of 1st period - Wrist shot by Andrei Loktionov.
11:59 of 1st period - Shot Misses the Net.
12:01 of 1st period - Wrist shot by Tyler Cuma.
12:01 of 1st period - Deflect By Brett Skinner.
12:01 of 1st period - Stopped by Joey MacDonald without a rebound.
12:02 of 1st period - Devin Setoguchi wins face-off versus Zenon Konopka in Patriotes zone.
12:25 of 1st period - Andrei Loktionov is hit by Lauri Tukonen and loses puck.
12:30 of 1st period - Snap shot by Fedor Fedorov.
12:30 of 1st period - Shot Blocked by Stu Bickel.
12:32 of 1st period - Wrist shot by Fedor Fedorov.
12:32 of 1st period - Goal by Fedor Fedorov - Staline : 0 - Patriotes : 1.
12:33 of 1st period - Pierre-Luc Létourneau wins face-off versus Zenon Konopka in neutral zone.
12:48 of 1st period - Wrist shot by Andreas Nodl.
12:48 of 1st period - Goal by Andreas Nodl - Staline : 0 - Patriotes : 2.
12:49 of 1st period - Zenon Konopka wins face-off versus Pierre-Luc Létourneau in neutral zone.
12:58 of 1st period - Slapshot by Pierre-Luc Létourneau.
12:58 of 1st period - Stopped by Joey MacDonald with a rebound.
13:04 of 1st period - Slapshot by Pierre-Luc Létourneau.
13:04 of 1st period - Stopped by Joey MacDonald with a rebound.
13:14 of 1st period - Brett Skinner is hit by Peter Mueller and loses puck.
13:21 of 1st period - Peter Mueller is hit by Cory Emmerton and loses puck.
13:42 of 1st period - Snap shot by Mathieu Perreault.
13:42 of 1st period - Shot Blocked by Ryan Wilson.
13:44 of 1st period - Backhand shot by Jared Boll.
13:44 of 1st period - Stopped by Joey MacDonald with a rebound.
13:46 of 1st period - Snap shot by Jared Boll.
13:46 of 1st period - Stopped by Joey MacDonald with a rebound.
14:38 of 1st period - Wrist shot by Tomas Kurka.
14:38 of 1st period - Stopped by Tobias Stephan with a rebound.
14:42 of 1st period - Slapshot by Liam Reddox.
14:42 of 1st period - Shot Blocked by Michael Del Zotto.
14:59 of 1st period - Snap shot by Dwight King.
14:59 of 1st period - Shot Misses the Net.
15:16 of 1st period - Timothy Kunes is hit by Pierre-Luc Létourneau and loses puck.
15:25 of 1st period - Icing by Andreas Nodl.
15:26 of 1st period - Zenon Konopka wins face-off versus Peter Mueller in Patriotes zone.
15:42 of 1st period - Snap shot by Andreas Nodl.
15:42 of 1st period - Stopped by Tobias Stephan without a rebound.
15:43 of 1st period - Cory Emmerton wins face-off versus Andrei Loktionov in Staline zone.
16:00 of 1st period - Tyler Myers is hit by Andrei Loktionov and loses puck.
16:21 of 1st period - Wrist shot by Dwight King.
16:21 of 1st period - Stopped by Tobias Stephan without a rebound.
16:22 of 1st period - Zenon Konopka wins face-off versus Mathieu Perreault in Staline zone.
16:25 of 1st period - Snap shot by Tomas Kurka.
16:25 of 1st period - Shot Blocked by Jared Boll.
16:27 of 1st period - Minor Penalty to Tyler Cuma for Holding.
16:28 of 1st period - Devin Setoguchi wins face-off versus Tomas Kurka in Staline zone.
18:02 of 1st period - Zenon Konopka is hit by Cam Janssen.
18:03 of 1st period - Icing by Zenon Konopka.
18:04 of 1st period - Cam Janssen wins face-off versus Zenon Konopka in Patriotes zone.
18:27 of 1st period - Penalty to Tyler Cuma is over, Tyler Cuma is back on ice.
18:43 of 1st period - Stu Bickel is hit by Dwight King and loses puck.
18:58 of 1st period - Slapshot by T.J. Fast.
18:58 of 1st period - Stopped by Joey MacDonald without a rebound.
18:59 of 1st period - Zenon Konopka wins face-off versus Peter Mueller in Patriotes zone.
19:15 of 1st period - Off-side.
19:16 of 1st period - Christian Hanson wins face-off versus Pierre-Luc Létourneau in neutral zone.
19:25 of 1st period - Slapshot by Christian Hanson.
19:25 of 1st period - Shot Misses the Net.
19:27 of 1st period - Snap shot by Tyler Myers.
19:27 of 1st period - Shot Misses the Net.
19:29 of 1st period - Backhand shot by Christian Hanson.
19:29 of 1st period - Shot Blocked by Pierre-Luc Létourneau.
19:31 of 1st period - Wrist shot by Jared Staal.
19:31 of 1st period - Shot Misses the Net.
19:41 of 1st period - Brett Skinner is hit by Mason Raymond.
Goals for this period are 0 for Staline vs 2 for Patriotes.
Shots for this period are 8 for Staline vs 5 for Patriotes.
2nd period
0:01 of 2nd period - Andrei Loktionov wins face-off versus Zenon Konopka in neutral zone.
0:15 of 2nd period - Wrist shot by Tomas Kurka.
0:15 of 2nd period - Shot Blocked by Andrei Loktionov.
0:21 of 2nd period - Minor Penalty to Devin Setoguchi for Hooking.
0:22 of 2nd period - Zenon Konopka wins face-off versus James Sheppard in Staline zone.
0:33 of 2nd period - Wrist shot by Pierre-Luc Létourneau.
0:33 of 2nd period - Deflect By Brett Skinner.
0:33 of 2nd period - Shot Misses the Net.
0:33 of 2nd period - Puck is out of play.
0:34 of 2nd period - James Sheppard wins face-off versus Zenon Konopka in Patriotes zone.
0:43 of 2nd period - Snap shot by Zenon Konopka.
0:43 of 2nd period - Stopped by Tobias Stephan with a rebound.
0:45 of 2nd period - Snap shot by Zenon Konopka.
0:45 of 2nd period - Shot Misses the Net.
0:47 of 2nd period - Slapshot by Tomas Kurka.
0:47 of 2nd period - Shot Blocked by Stu Bickel.
0:49 of 2nd period - Snap shot by Zenon Konopka.
0:49 of 2nd period - Shot Blocked by T.J. Fast.
1:03 of 2nd period - Wrist shot by Cory Emmerton.
1:03 of 2nd period - Stopped by Tobias Stephan with a rebound.
1:53 of 2nd period - Snap shot by Cory Emmerton.
1:53 of 2nd period - Deflect By Fedor Fedorov.
1:53 of 2nd period - Shot Blocked by Cam Janssen.
1:53 of 2nd period - Puck is out of play.
1:54 of 2nd period - Zenon Konopka wins face-off versus Cam Janssen in Staline zone.
2:01 of 2nd period - Snap shot by Tomas Kurka.
2:01 of 2nd period - Shot Blocked by Andrei Loktionov.
2:07 of 2nd period - Snap shot by Tomas Kurka.
2:07 of 2nd period - Goal by Tomas Kurka - Staline : 0 - Patriotes : 3.
2:08 of 2nd period - Andrei Loktionov wins face-off versus Zenon Konopka in neutral zone.
2:54 of 2nd period - Slapshot by Tyler Cuma.
2:54 of 2nd period - Shot Blocked by Ryan Wilson.
2:56 of 2nd period - Wrist shot by Theo Peckham.
2:56 of 2nd period - Deflect By Cory Emmerton.
2:56 of 2nd period - Stopped by Joey MacDonald without a rebound.
2:57 of 2nd period - Zenon Konopka wins face-off versus Cody Eakin in Patriotes zone.
3:04 of 2nd period - Snap shot by Tomas Kurka.
3:04 of 2nd period - Shot Blocked by Theo Peckham.
3:06 of 2nd period - Snap shot by Andreas Nodl.
3:06 of 2nd period - Stopped by Tobias Stephan with a rebound.
3:08 of 2nd period - Slapshot by Brett Skinner.
3:08 of 2nd period - Deflect By Tyler Cuma.
3:08 of 2nd period - Stopped by Tobias Stephan with a rebound.
3:10 of 2nd period - Slapshot by Andreas Nodl.
3:10 of 2nd period - Deflect By Tomas Kurka.
3:10 of 2nd period - Shot Misses the Net.
3:10 of 2nd period - Puck is out of play.
3:11 of 2nd period - Zenon Konopka wins face-off versus Andrei Loktionov in Staline zone.
3:14 of 2nd period - Snap shot by Zenon Konopka.
3:14 of 2nd period - Stopped by Tobias Stephan with a rebound.
3:16 of 2nd period - Wrist shot by Andreas Nodl.
3:16 of 2nd period - Deflect By Andrei Loktionov.
3:16 of 2nd period - Shot Blocked by T.J. Fast.
3:16 of 2nd period - Puck is out of play.
3:17 of 2nd period - Zenon Konopka wins face-off versus Devin Setoguchi in Staline zone.
3:26 of 2nd period - Slapshot by Tomas Kurka.
3:26 of 2nd period - Stopped by Tobias Stephan with a rebound.
3:28 of 2nd period - Snap shot by Zenon Konopka.
3:28 of 2nd period - Deflect By Andreas Nodl.
3:28 of 2nd period - Stopped by Tobias Stephan with a rebound.
3:30 of 2nd period - Snap shot by Andreas Nodl.
3:30 of 2nd period - Stopped by Tobias Stephan without a rebound.
3:31 of 2nd period - Andreas Nodl wins face-off versus Andrei Loktionov in Staline zone.
3:46 of 2nd period - Snap shot by Andrei Loktionov.
3:46 of 2nd period - Shot Blocked by Brett Skinner.
3:56 of 2nd period - Brett Skinner is hit by Nick Spaling and loses puck.
4:01 of 2nd period - Wrist shot by Jared Boll.
4:01 of 2nd period - Deflect By Nick Spaling.
4:01 of 2nd period - Goal by Nick Spaling - Staline : 1 - Patriotes : 3.
4:02 of 2nd period - Cory Emmerton wins face-off versus Andrei Loktionov in neutral zone.
4:11 of 2nd period - Fedor Fedorov is hit by Devin Setoguchi and loses puck.
4:31 of 2nd period - Wrist shot by Peter Mueller.
4:31 of 2nd period - Shot Misses the Net.
4:33 of 2nd period - Slapshot by T.J. Fast.
4:33 of 2nd period - Stopped by Joey MacDonald with a rebound.
4:35 of 2nd period - Wrist shot by Mason Raymond.
4:35 of 2nd period - Shot Misses the Net.
4:37 of 2nd period - Slapshot by Cam Janssen.
4:37 of 2nd period - Deflect By Peter Mueller.
4:37 of 2nd period - Shot Blocked by Zenon Konopka.
4:37 of 2nd period - Puck is out of play.
4:38 of 2nd period - Cory Emmerton wins face-off versus Mathieu Perreault in Patriotes zone.
4:40 of 2nd period - Minor Penalty to Lauri Tukonen for Hooking.
4:41 of 2nd period - Andrei Loktionov wins face-off versus Tomas Kurka in Patriotes zone.
4:43 of 2nd period - Slapshot by Devin Setoguchi.
4:43 of 2nd period - Stopped by Joey MacDonald with a rebound.
5:13 of 2nd period - Slapshot by T.J. Fast.
5:13 of 2nd period - Deflect By Cam Janssen.
5:13 of 2nd period - Stopped by Joey MacDonald with a rebound.
6:40 of 2nd period - Penalty to Lauri Tukonen is over, Lauri Tukonen is back on ice.
8:48 of 2nd period - Patrice Cormier is hit by Danny Kristo and loses puck.
8:59 of 2nd period - Ryan Wilson is hit by Tyler Cuma and loses puck.
9:54 of 2nd period - T.J. Fast is hit by Brett Skinner and loses puck.
10:57 of 2nd period - Minor Penalty to Andrei Loktionov for Hooking.
10:58 of 2nd period - Cory Emmerton wins face-off versus Devin Setoguchi in Staline zone.
11:31 of 2nd period - Wrist shot by Zenon Konopka.
11:31 of 2nd period - Stopped by Tobias Stephan with a rebound.
12:05 of 2nd period - James Sheppard is hit by Joe Charlebois and loses puck.
12:57 of 2nd period - Penalty to Andrei Loktionov is over, Andrei Loktionov is back on ice.
13:16 of 2nd period - Wrist shot by Cody Eakin.
13:16 of 2nd period - Goal by Cody Eakin - Staline : 2 - Patriotes : 3.
13:17 of 2nd period - Cory Emmerton wins face-off versus Andrei Loktionov in neutral zone.
13:31 of 2nd period - Snap shot by Devin Setoguchi.
13:31 of 2nd period - Stopped by Joey MacDonald without a rebound.
13:32 of 2nd period - Zenon Konopka wins face-off versus Peter Mueller in Patriotes zone.
13:57 of 2nd period - Lauri Tukonen is hit by Jared Boll and loses puck.
14:20 of 2nd period - Minor Penalty to Cory Emmerton for Slashing.
14:21 of 2nd period - Andrei Loktionov wins face-off versus Tomas Kurka in Patriotes zone.
14:26 of 2nd period - Wrist shot by Devin Setoguchi.
14:26 of 2nd period - Shot Blocked by Andreas Nodl.
14:32 of 2nd period - Slapshot by Michael Del Zotto.
14:32 of 2nd period - Shot Blocked by Andreas Nodl.
14:34 of 2nd period - Snap shot by Pierre-Luc Létourneau.
14:34 of 2nd period - Shot Misses the Net.
14:36 of 2nd period - Wrist shot by Devin Setoguchi.
14:36 of 2nd period - Stopped by Joey MacDonald without a rebound.
14:37 of 2nd period - Andrei Loktionov wins face-off versus Tomas Kurka in Patriotes zone.
15:04 of 2nd period - Tomas Kurka is hit by Peter Mueller and loses puck.
16:20 of 2nd period - Penalty to Cory Emmerton is over, Cory Emmerton is back on ice.
16:37 of 2nd period - Fedor Fedorov is hit by Jared Boll.
17:06 of 2nd period - Slapshot by Christian Hanson.
17:06 of 2nd period - Stopped by Tobias Stephan without a rebound.
17:07 of 2nd period - Zenon Konopka wins face-off versus Mathieu Perreault in Staline zone.
17:12 of 2nd period - Wrist shot by Andreas Nodl.
17:12 of 2nd period - Goal by Andreas Nodl - Staline : 2 - Patriotes : 4.
17:12 of 2nd period - Martin Houle enters game.
17:13 of 2nd period - Andrei Loktionov wins face-off versus Zenon Konopka in neutral zone.
17:24 of 2nd period - Andreas Nodl is hit by Devin Setoguchi and loses puck.
17:50 of 2nd period - Backhand shot by Nick Spaling.
17:50 of 2nd period - Deflect By Mathieu Perreault.
17:50 of 2nd period - Stopped by Joey MacDonald with a rebound.
17:52 of 2nd period - Snap shot by Nick Spaling.
17:52 of 2nd period - Shot Misses the Net.
18:04 of 2nd period - Tyler Cuma is hit by Timothy Kunes and loses puck.
18:25 of 2nd period - Pierre-Luc Létourneau is hit by Tyler Myers and loses puck.
18:45 of 2nd period - Snap shot by Nick Spaling.
18:45 of 2nd period - Shot Misses the Net.
18:47 of 2nd period - Snap shot by Mathieu Perreault.
18:47 of 2nd period - Shot Misses the Net.
18:51 of 2nd period - Slapshot by Michael Del Zotto.
18:51 of 2nd period - Stopped by Joey MacDonald without a rebound.
18:52 of 2nd period - Christian Hanson wins face-off versus Andrei Loktionov in Patriotes zone.
18:52 of 2nd period - Christian Hanson is hit by Stu Bickel.
19:26 of 2nd period - Slapshot by Jared Boll.
19:26 of 2nd period - Stopped by Joey MacDonald with a rebound.
19:28 of 2nd period - Slapshot by Nick Spaling.
19:28 of 2nd period - Stopped by Joey MacDonald with a rebound.
19:30 of 2nd period - Slapshot by Torey Krug.
19:30 of 2nd period - Stopped by Joey MacDonald with a rebound.
19:32 of 2nd period - Snap shot by Mathieu Perreault.
19:32 of 2nd period - Stopped by Joey MacDonald with a rebound.
19:34 of 2nd period - Slapshot by Michael Del Zotto.
19:34 of 2nd period - Shot Blocked by Lauri Tukonen.
19:36 of 2nd period - Snap shot by Nick Spaling.
19:36 of 2nd period - Shot Misses the Net.
19:46 of 2nd period - Backhand shot by Brett Skinner.
19:46 of 2nd period - Deflect By Andreas Nodl.
19:46 of 2nd period - Shot Misses the Net.
19:46 of 2nd period - Puck is out of play.
19:47 of 2nd period - Peter Mueller wins face-off versus Zenon Konopka in Staline zone.
19:56 of 2nd period - Wrist shot by Zenon Konopka.
19:56 of 2nd period - Stopped by Martin Houle without a rebound.
19:57 of 2nd period - Cory Emmerton wins face-off versus Devin Setoguchi in Staline zone.
Goals for this period are 2 for Staline vs 2 for Patriotes.
Shots for this period are 14 for Staline vs 13 for Patriotes.
3rd period
0:01 of 3rd period - Andrei Loktionov wins face-off versus Zenon Konopka in neutral zone.
0:10 of 3rd period - Snap shot by Brett Skinner.
0:10 of 3rd period - Shot Blocked by T.J. Fast.
0:12 of 3rd period - Wrist shot by Andreas Nodl.
0:12 of 3rd period - Shot Blocked by T.J. Fast.
0:30 of 3rd period - Snap shot by Mason Raymond.
0:30 of 3rd period - Shot Misses the Net.
0:32 of 3rd period - Slapshot by Tyler Cuma.
0:32 of 3rd period - Shot Misses the Net.
0:34 of 3rd period - Wrist shot by Cam Janssen.
0:34 of 3rd period - Stopped by Joey MacDonald without a rebound.
0:35 of 3rd period - Fedor Fedorov wins face-off versus Andrei Loktionov in Patriotes zone.
0:42 of 3rd period - Wrist shot by Lauri Tukonen.
0:42 of 3rd period - Shot Misses the Net.
0:48 of 3rd period - Wrist shot by Fedor Fedorov.
0:48 of 3rd period - Shot Blocked by Tyler Cuma.
0:50 of 3rd period - Slapshot by Joe Charlebois.
0:50 of 3rd period - Shot Misses the Net.
1:29 of 3rd period - Icing by Christian Hanson.
1:30 of 3rd period - Andrei Loktionov wins face-off versus Christian Hanson in Patriotes zone.
1:33 of 3rd period - Snap shot by Andrei Loktionov.
1:33 of 3rd period - Shot Misses the Net.
1:35 of 3rd period - Snap shot by Andrei Loktionov.
1:35 of 3rd period - Deflect By Devin Setoguchi.
1:35 of 3rd period - Goal by Devin Setoguchi - Staline : 3 - Patriotes : 4.
1:36 of 3rd period - Zenon Konopka wins face-off versus Andrei Loktionov in neutral zone.
1:55 of 3rd period - Pierre-Luc Létourneau is hit by Tyler Myers and loses puck.
2:45 of 3rd period - Minor Penalty to Theo Peckham for Roughing.
2:46 of 3rd period - Devin Setoguchi wins face-off versus Zenon Konopka in Staline zone.
3:20 of 3rd period - Slapshot by Fedor Fedorov.
3:20 of 3rd period - Shot Misses the Net.
4:45 of 3rd period - Penalty to Theo Peckham is over, Theo Peckham is back on ice.
4:52 of 3rd period - Backhand shot by Andrei Loktionov.
4:52 of 3rd period - Shot Blocked by Christian Hanson.
5:00 of 3rd period - Snap shot by Andrei Loktionov.
5:00 of 3rd period - Shot Misses the Net.
5:16 of 3rd period - Wrist shot by Jared Boll.
5:16 of 3rd period - Stopped by Joey MacDonald without a rebound.
5:17 of 3rd period - Christian Hanson wins face-off versus Mathieu Perreault in Patriotes zone.
6:07 of 3rd period - Slapshot by Peter Mueller.
6:07 of 3rd period - Deflect By Cam Janssen.
6:07 of 3rd period - Stopped by Joey MacDonald without a rebound.
6:08 of 3rd period - Zenon Konopka wins face-off versus Peter Mueller in Patriotes zone.
6:10 of 3rd period - Minor Penalty to Andreas Nodl for Holding.
6:11 of 3rd period - Tomas Kurka wins face-off versus Andrei Loktionov in Patriotes zone.
7:33 of 3rd period - Tyler Cuma is hit by Christian Hanson and loses puck.
8:10 of 3rd period - Penalty to Andreas Nodl is over, Andreas Nodl is back on ice.
8:15 of 3rd period - Icing by Andreas Nodl.
8:16 of 3rd period - Mathieu Perreault wins face-off versus Zenon Konopka in Patriotes zone.
9:26 of 3rd period - Mathieu Perreault is hit by Dwight King and loses puck.
9:37 of 3rd period - Fedor Fedorov is hit by Pierre-Luc Létourneau and loses puck.
10:28 of 3rd period - Snap shot by Andrei Loktionov.
10:28 of 3rd period - Stopped by Joey MacDonald with a rebound.
10:55 of 3rd period - Slapshot by Michael Del Zotto.
10:55 of 3rd period - Stopped by Joey MacDonald with a rebound.
11:03 of 3rd period - Timothy Kunes is hit by Torey Krug and loses puck.
11:41 of 3rd period - Minor Penalty to Peter Mueller for Holding.
11:42 of 3rd period - Zenon Konopka wins face-off versus Devin Setoguchi in Staline zone.
12:04 of 3rd period - Andreas Nodl is hit by Stu Bickel and loses puck.
12:32 of 3rd period - Snap shot by Tomas Kurka.
12:32 of 3rd period - Goal by Tomas Kurka - Staline : 3 - Patriotes : 5.
12:33 of 3rd period - Cory Emmerton wins face-off versus Andrei Loktionov in neutral zone.
12:36 of 3rd period - Slapshot by Ryan Wilson.
12:36 of 3rd period - Stopped by Martin Houle without a rebound.
12:37 of 3rd period - Cory Emmerton wins face-off versus Andrei Loktionov in Staline zone.
12:38 of 3rd period - Snap shot by Fedor Fedorov.
12:38 of 3rd period - Shot Misses the Net.
12:40 of 3rd period - Slapshot by Lauri Tukonen.
12:40 of 3rd period - Stopped by Martin Houle without a rebound.
12:41 of 3rd period - Lauri Tukonen wins face-off versus Andrei Loktionov in Staline zone.
12:42 of 3rd period - Snap shot by Cory Emmerton.
12:42 of 3rd period - Shot Misses the Net.
12:44 of 3rd period - Slapshot by Ryan Wilson.
12:44 of 3rd period - Deflect By Pierre-Luc Létourneau.
12:44 of 3rd period - Stopped by Martin Houle with a rebound.
12:46 of 3rd period - Slapshot by Joe Charlebois.
12:46 of 3rd period - Shot Misses the Net.
12:48 of 3rd period - Slapshot by Joe Charlebois.
12:48 of 3rd period - Stopped by Martin Houle with a rebound.
12:50 of 3rd period - Slapshot by Joe Charlebois.
12:50 of 3rd period - Shot Blocked by Andrei Loktionov.
12:52 of 3rd period - Wrist shot by Cory Emmerton.
12:52 of 3rd period - Stopped by Martin Houle with a rebound.
12:54 of 3rd period - Wrist shot by Fedor Fedorov.
12:54 of 3rd period - Shot Misses the Net.
12:55 of 3rd period - Minor Penalty to Joe Charlebois for High sticking.
12:56 of 3rd period - Devin Setoguchi wins face-off versus Tomas Kurka in Patriotes zone.
13:01 of 3rd period - Snap shot by Andrei Loktionov.
13:01 of 3rd period - Stopped by Joey MacDonald with a rebound.
13:03 of 3rd period - Slapshot by T.J. Fast.
13:03 of 3rd period - Stopped by Joey MacDonald with a rebound.
13:11 of 3rd period - Wrist shot by Michael Del Zotto.
13:11 of 3rd period - Stopped by Joey MacDonald with a rebound.
13:28 of 3rd period - Wrist shot by Peter Mueller.
13:28 of 3rd period - Shot Blocked by Zenon Konopka.
13:30 of 3rd period - Slapshot by T.J. Fast.
13:30 of 3rd period - Goal by T.J. Fast - Staline : 4 - Patriotes : 5.
13:31 of 3rd period - Zenon Konopka wins face-off versus Devin Setoguchi in neutral zone.
13:56 of 3rd period - Tyler Myers is hit by Mason Raymond and loses puck.
14:01 of 3rd period - Snap shot by Mason Raymond.
14:01 of 3rd period - Shot Misses the Net.
14:03 of 3rd period - Slapshot by Stu Bickel.
14:03 of 3rd period - Stopped by Joey MacDonald with a rebound.
14:05 of 3rd period - Slapshot by Peter Mueller.
14:05 of 3rd period - Shot Blocked by Tyler Myers.
14:07 of 3rd period - Slapshot by Stu Bickel.
14:07 of 3rd period - Shot Blocked by Tyler Myers.
14:09 of 3rd period - Slapshot by Stu Bickel.
14:09 of 3rd period - Shot Misses the Net.
14:15 of 3rd period - Minor Penalty to Brett Skinner for Hooking.
14:16 of 3rd period - Andrei Loktionov wins face-off versus Tomas Kurka in Patriotes zone.
14:41 of 3rd period - Tomas Kurka is hit by Michael Del Zotto and loses puck.
14:46 of 3rd period - Snap shot by Peter Mueller.
14:46 of 3rd period - Goal by Peter Mueller - Staline : 5 - Patriotes : 5.
14:47 of 3rd period - Zenon Konopka wins face-off versus Andrei Loktionov in neutral zone.
15:02 of 3rd period - Snap shot by Tomas Kurka.
15:02 of 3rd period - Shot Misses the Net.
15:12 of 3rd period - Devin Setoguchi is hit by Cory Emmerton and loses puck.
15:37 of 3rd period - Slapshot by T.J. Fast.
15:37 of 3rd period - Stopped by Joey MacDonald without a rebound.
15:38 of 3rd period - Christian Hanson wins face-off versus Mathieu Perreault in Patriotes zone.
16:03 of 3rd period - Cam Janssen is hit by Tomas Kurka and loses puck.
16:39 of 3rd period - Nigel Williams is hit by Cody Eakin and loses puck.
17:20 of 3rd period - Fedor Fedorov is hit by Peter Mueller.
18:06 of 3rd period - Minor Penalty to Danny Kristo for Holding.
18:07 of 3rd period - Devin Setoguchi wins face-off versus Zenon Konopka in Staline zone.
19:49 of 3rd period - Mason Raymond is hit by Lauri Tukonen and loses puck.
Goals for this period are 3 for Staline vs 1 for Patriotes.
Shots for this period are 13 for Staline vs 6 for Patriotes.
Overtime #1
0:01 of 1st overtime period - Zenon Konopka wins face-off versus Devin Setoguchi in neutral zone.
0:04 of 1st overtime period - Slapshot by Tyler Myers.
0:04 of 1st overtime period - Shot Misses the Net.
0:06 of 1st overtime period - Penalty to Danny Kristo is over, Danny Kristo is back on ice.
0:06 of 1st overtime period - Wrist shot by Zenon Konopka.
0:06 of 1st overtime period - Goal by Zenon Konopka - Staline : 5 - Patriotes : 6.
Goals for this period are 0 for Staline vs 1 for Patriotes.
Shots for this period are 0 for Staline vs 1 for Patriotes.
Output by the SimonT Hockey Simulator (STHS) for François Prévost -- Original Page W3C XHTML 1.0 Valid